 Dungeon Crawl Stone Soup version 0.31.0-11-ge490571c62 (webtiles) character file.

Game seed: 6259062931105206852

2977 Gadfly the Ruffian (level 9, -1/12 (68) HPs)
             Began as a Demonspawn Monk on Feb 1, 2024.
             Was an Initiate of Ru.
             Slain by a yak (6 damage)
             ... on level 8 of the Dungeon on Feb 2, 2024.
             The game lasted 00:12:33 (6997 turns).

Gadfly the Ruffian (Demonspawn Monk)                Turns: 6997, Time: 00:12:33

HP:   -1/12 (68)    AC:  8    Str: 22    XL:     9   Next: 53%
MP:   0/8           EV: 16    Int: 11    God:    Ru [......]
Gold: 331           SH:  4    Dex: 21    Spells: 8/8 levels left

rFire   . . .        b - +3 whip (elec)
rCold   . . .        c - orb {light}
rNeg    . . .        a - +0 robe
rPois   .            (no helmet)
rElec   .            (no cloak)
rCorr   .            (no gloves)
SInv    .            (no boots)
Will    .....        x - amulet of guardian spirit
Stlth   +            j - +6 ring of dexterity
HPRegen 0.22/turn    s - +6 ring of strength
MPRegen 0.11/turn

%: guardian spirit
@: glowing, extremely drained
A: foul stench 1, icemail 1, low MP 1, sharp scales 2, condensation shield
a: Renounce Religion


You were on level 8 of the Dungeon.
You worshipped Ru.
Ru was noncommittal.
You visited 1 branch of the dungeon, and saw 8 of its levels.
You also visited: Ossuary.

You collected 331 gold pieces.

Inventory:

Hand Weapons
 b - a +3 whip of electrocution (weapon)
 g - a +4 dagger
 i - a +2 dagger of venom
Missiles
 e - 3 throwing nets (quivered)
Armour
 a - a +0 robe (worn)
 c - an orb of light (worn)
Jewellery
 j - a +6 ring of dexterity (left hand)
 q - a ring of resist corrosion
 s - a +6 ring of strength (right hand)
 v - a ring of see invisible
 x - an amulet of guardian spirit (around neck)
Talismans
 k - a flux talisman
 l - a storm talisman
Wands
 m - a wand of quicksilver (4)
Scrolls
 n - a scroll of immolation
 p - 5 scrolls of teleportation
 r - 2 scrolls of blinking
 y - a scroll of vulnerability
Potions
 d - 3 potions of mutation
 f - 4 potions of heal wounds
 h - 5 potions of curing
 t - 2 potions of haste
 u - a potion of lignification
 w - 2 potions of berserk rage


   Skills:
 + Level 5.5 Fighting
 + Level 6.0 Dodging
 + Level 6.3 Unarmed Combat
 + Level 5.3 Evocations
 * Level 5.8 Shapeshifting


You had 8 spell levels left.
You didn't know any spells.
Your spell library contained the following spells:

 Spells                   Type           Power      Damage    Failure   Level
 Summon Small Mammal      Summ           0%         N/A       34%         1
 Call Canine Familiar     Summ           0%         N/A       71%         3
 Dazzling Flash           Conj/Hex       0%         N/A       71%         3
 Mephitic Cloud           Conj/Alch/Air  0%         N/A       71%         3
 Tukima's Dance           Hex            0%         N/A       71%         3
 Animate Dead             Necr           0%         N/A       98%         4
 Dimensional Bullseye     Hex/Tloc       0%         N/A       98%         4
 Iskenderun's Mystic Bla  Conj/Tloc      0%         2d3       98%         4
 Summon Blazeheart Golem  Fire/Summ      0%         N/A       98%         4
 Curse of Agony           Necr           0%         N/A       100%        5
 Iskenderun's Battlesphe  Conj           0%         2d6       100%        5
 Silence                  Hex/Air        0%         N/A       100%        5
 Bombard                  Conj/Erth      0%         9d1       100%        6
 Haunt                    Necr/Summ      0%         N/A       100%        7
 Spellforged Servitor     Conj/Summ      0%         N/A       100%        7
 Infestation              Necr           0%         N/A       100%        8


Dungeon Overview and Level Annotations

Branches:
Dungeon (8/15)            Ossuary (visited)
 Temple: D:4-7         Lair: D:8-11

Altars:
Cheibriados
Fedhas
Makhleb
Okawaru
Qazlal
Ru
Uskayaw
Vehumet
Wu Jian

Shops:
D:6 (


Innate Abilities, Weirdness & Mutations

You may rarely emit foul miasma when damaged in melee.
A meltable icy envelope protects you from harm. (AC +4)
Your magical capacity is low. (-10% MP)
You are mostly covered in razor-sharp scales. (AC +2, Slay +2)
A meltable shield of frost defends you. (SH +4)


Message History

You feel drained.
You feel drained.
You feel drained.
You whack the electric eel!
The electric eel is severely wounded.
You feel drained.
The electric eel shoots out a bolt of lightning at you!
The bolt of electricity hits you!
You whack the electric eel!
You kill the electric eel!
You hear a splash.
You feel drained.
Your +3 whip of electrocution stops crackling.
You are now empty-handed.
You feel drained.
You feel drained.
You feel drained.
You feel drained.
You feel drained.
Found 35 gold pieces.
The yak bellows! x2
You feel drained.
Found 12 gold pieces and a leather armour.
You feel drained.
Aiming: Quicksilver Bolt
Press: ? - help, Shift-Dir - straight line, f - yak
Aim: a yak (haloed, 89% to hit)
The bolt of dispelling energy hits the yak!
The yak is heavily wounded.
You feel drained.
Unknown command.
You hear the crackle of electricity.
b - a +3 whip of electrocution (weapon)
You feel drained.
You feel drained. The yak gores you!
Ouch! That really hurt!
The yak completely misses you.
You float gracefully downwards.
The yak barely misses you. x2
The yak gores you!
Ouch! That really hurt!
You die...

#.#.....'......^..###.....#..#
#.#..####.....≈≈≈≈≈≈≈≈≈##.#..#
#.#..#####<..≈≈#######≈≈#.#..##
..#.........≈≈##≈≈≈≈≈##≈≈.....#
..#.#######≈≈##≈≈###≈≈##≈≈##)##
..'........≈##≈≈##≈##≈≈##≈##.#
..#.#######≈#≈≈##≈≈≈##≈≈#≈##.#
..#.# ##≈#≈##Y≈#≈≈##≈#≈...#
..#.# ##.≈#≈#$@Y##≈≈#≈#≈####
..#+#####(.≈#≈##Y##≈≈##≈#≈#
........#.#≈#≈≈###≈≈##≈≈#≈#
#..........≈##≈≈##≈##≈≈##≈#
#..........≈≈##≈≈#≈#≈≈##≈≈#
............≈≈##≈≈≈#≈##≈≈##
.............≈≈#####≈#≈≈##
....###.......≈≈≈≈≈≈≈≈≈##
................#...####


You could see 3 yaks.

Vanquished Creatures
  Pikel (D:8)
  Joseph (D:8)
  A hornet (D:8)
  2 orc warriors
  A black bear (D:6)
  2 sky beasts (D:7)
  A phantom (D:4)
  A weeping skull (Ossuary)
  2 bullfrogs (D:7)
  2 water moccasin zombies (Ossuary)
  A scorpion (D:6)
  4 electric eels (D:8)
  3 howler monkeys
  A bombardier beetle (D:4)
  2 hounds
  5 orc priests
  A sleepcap (D:4)
  7 orc wizards
  2 crocodile zombies (Ossuary)
  2 mummies (Ossuary)
  18 adders
  3 white imps
  4 ufetubi (D:6)
  4 adder zombies (Ossuary)
  2 ribbon worms
  A dart slug (D:1)
  23 orcs
  4 endoplasms
  3 giant cockroaches
  5 hobgoblins
  8 jackals
  4 quokkas
  4 ball pythons
  4 bats
  3 frilled lizards
  9 gnoll zombies (Ossuary)
  8 goblins
  6 jackal zombies (Ossuary)
  7 kobolds
  4 orc zombies (Ossuary)
  4 rats
170 creatures vanquished.

Vanquished Creatures (others)
  An orc (D:8)
1 creature vanquished.

Grand Total: 171 creatures vanquished

Notes
Turn   | Place    | Note
-------+----------+-------------------------------------------
     0 | D:1      | Gadfly the Demonspawn Monk began the quest for the Orb.
     0 | D:1      | Reached XP level 1. HP: 18/18 MP: 1/1
   379 | D:1      | Gained mutation: A meltable shield of frost defends you.
                  | (SH +4) [demonic ancestry]
   379 | D:1      | Reached XP level 2. HP: 21/24 MP: 2/2
   414 | D:1      | Found a faded altar of an unknown god.
   417 | D:1      | Reached skill level 1 in Evocations
   794 | D:2      | Reached skill level 1 in Shapeshifting
   794 | D:2      | Gained mutation: You may rarely emit foul miasma when
                  | damaged in melee. [demonic ancestry]
   794 | D:2      | Reached XP level 3. HP: 26/29 MP: 3/3
  1134 | D:2      | Gained mutation: A meltable icy envelope protects you from
                  | harm. (AC +4) [demonic ancestry]
  1134 | D:2      | Reached XP level 4. HP: 35/35 MP: 4/4
  2098 | D:3      | Gained mutation: You are partially covered in razor-sharp
                  | scales. (AC +1, Slay +1) [demonic ancestry]
  2098 | D:3      | Reached XP level 5. HP: 41/41 MP: 5/5
  2472 | D:4      | Noticed a phantom
  2488 | D:4      | Killed a phantom
  2489 | D:4      | Reached XP level 6. HP: 47/47 MP: 6/6
  3211 | D:5      | Entered Level 5 of the Dungeon
  3335 | D:5      | You fall into a shaft and drop 1 floor!
  3455 | D:6      | Found a sand-covered staircase.
  3459 | D:6      | Reached XP level 7. HP: 51/52 MP: 7/7
  3463 | Ossuary  | Entered an ossuary
  3790 | D:6      | Found Jefof's Weapon Shoppe.
  3864 | D:6      | Found a radiant altar of Vehumet.
  4016 | D:6      | Found a snail-covered altar of Cheibriados.
  4016 | D:6      | Found a stormy altar of Qazlal.
  4026 | D:6      | Found an ornate altar of the Wu Jian Council.
  4029 | D:6      | Found a blossoming altar of Fedhas.
  4040 | D:6      | Reached skill level 5 in Unarmed Combat
  4040 | D:6      | Gained mutation: You are mostly covered in razor-sharp
                  | scales. (AC +2, Slay +2) [demonic ancestry]
  4040 | D:6      | Reached XP level 8. HP: 46/60 MP: 8/8
  4700 | D:7      | Reached skill level 5 in Dodging
  4827 | D:7      | Found a burning altar of Makhleb.
  5746 | D:8      | Noticed a hornet
  5751 | D:8      | Paralysed by a hornet for 2 turns
  5755 | D:8      | Killed a hornet
  5858 | D:8      | Noticed Joseph
  5870 | D:8      | Killed Joseph
  5871 | D:8      | Reached skill level 5 in Fighting
  5871 | D:8      | Reached skill level 5 in Shapeshifting
  5871 | D:8      | Reached XP level 9. HP: 38/68 MP: 6/9
  6324 | D:8      | Reached skill level 5 in Evocations
  6356 | D:8      | Found an iron altar of Okawaru.
  6369 | D:8      | Noticed Pikel
  6385 | D:8      | Killed Pikel
  6481 | D:8      | Found a hide-covered altar of Uskayaw.
  6509 | D:8      | Found a sacrificial altar of Ru.
  6517 | D:8      | Became a worshipper of Ru the Awakened
  6527 | D:8      | Gained mutation: Your magical capacity is low. (-10% MP)
                  | [Ru sacrifice]
  6997 | D:8      | Slain by a yak

Illustrated notes

Levels and vault maps discovered:
D:1:      mainiacjoe_arrival_oval_in_oval, layout_loops_ring,
          dreamdust_ecumenical_altar_angels_and_demons
D:2:      minmay_recursive_quarters, layout_basic
D:3:      layout_basic, minmay_misc_feat_chi, minmay_checkerbox
D:4:      layout_rooms
D:5:      layout_basic, minmay_temple_entry_water_ring,
          chequers_serial_rivers_micro_e, grunt_decor_one_mirror,
          kennysheep_decorative_pillar, nicolae_twisty_statue_hallways
D:6:      layout_basic, marbit_many_paths,
          nicolae_overflow_macrodata_refinement, enter_ossuary_2, serial_shops,
          nicolae_shop_bloodbath_and_beyond
D:7:      layout_rooms, makhleb_blood_cavern_becter,
          chequers_serial_rivers_marsh
D:8:      layout_basic, okawaru_metal_pillars_1_2,
          mainiacjoe_overflow_catch_the_wave, water_maze_lemuel, uniq_joseph,
          uniq_pikel

Skill      XL: |  1  2  3  4  5  6  7  8  9 |
---------------+----------------------------+-----
Evocations     | 1 2 3 4 5 |  5.3
Unarmed Combat | 3 4 5 6 |  6.3
Shapeshifting  | 1 2 3 5 |  5.8
Dodging        | 3 4 5 6 |  6.0
Fighting       | 4 5 |  5.5

Action                     |  1- 3 |  4- 6 |  7- 9 || total
---------------------------+-------+-------+-------++-------
  Melee: Unarmed           |    10 |       |     4 ||    14
         Whip              |    58 |   122 |   319 ||   499
 Invoke: Sacrifice Essence |       |       |     1 ||     1
  Evoke: Wand              |       |       |     1 ||     1
    Use: Potion            |     2 |       |     3 ||     5
         Scroll            |     1 |    11 |     4 ||    16
 Armour: Robe              |    35 |    97 |   195 ||   327
  Dodge: Dodged            |    35 |    82 |   265 ||   382
